 Dungeon Crawl Stone Soup version 0.31-a0-187-gba352fbbf7 (webtiles) character file.

Game seed: 2718774791710013184

50 qw the Shooter (level 3, -6/20 HPs)
             Began as a Deep Elf Hunter on June 22, 2023.
             Mangled by a gnoll
             ... wielding a +0 flail
              (8 damage)
             ... on level 2 of the Dungeon.
             The game lasted 00:00:21 (794 turns).

qw the Shooter (Deep Elf Hunter)                     Turns: 794, Time: 00:00:21

Health: -6/20      AC:  5    Str:  8 (10) XL:     3   Next: 55%
Magic:  5/5        EV: 15    Int: 10 (13) God:
Gold:   66         SH:  0    Dex: 16 (18) Spells: 2/2 levels left

rFire   . . .        Y - +0 shortbow
rCold   . . .        (shield currently unavailable)
rNeg    . . .        d - +0 ring mail
rPois   .            (no helmet)
rElec   .            (no cloak)
rCorr   .            (no gloves)
SInv    .            (no boots)
Will    .....        (no amulet)
Stlth   +            f - +5 ring of evasion
HPRegen 0.23/turn    (no ring)
MPRegen 0.09/turn

%: no passive effects
@: no status effects
A: no striking features
a: no special abilities


You were on level 2 of the Dungeon.
You visited 1 branch of the dungeon, and saw 2 of its levels.

You collected 66 gold pieces.


   Skills:
 - Level 1.5 Fighting
 + Level 7.1 Ranged Weapons
 - Level 2.4 Dodging
 - Level 1.2 Stealth


You had 2 spell levels left.
You didn't know any spells.
Your spell library was empty.

Inventory:

Hand Weapons
 Y - a +0 shortbow (weapon)
Armour
 d - a +0 ring mail (worn)
Jewellery
 f - a +5 ring of evasion (left hand)
Scrolls
 a - 2 scrolls of identify

Dungeon Overview and Level Annotations

Branches:
Dungeon (2/15)

Altars:

Shops:
D:2 =


Message History

A gnoll comes into view. It is wielding a +0 whip.
A gnoll comes into view. It is wielding a +0 flail.
The gnoll shouts! x2
You shoot an arrow. The arrow barely misses the adder.
The adder barely misses you.
A rat comes into view.
You shoot an arrow. The arrow barely misses the adder.
The adder misses you. The endoplasm freezes you.
You are frozen.
The adder bites you.
You shoot an arrow. The arrow misses the adder.
The adder closely misses you. The endoplasm closely misses you.
The adder bites you.
You shoot an arrow. The arrow hits the adder.
The adder is moderately wounded.
A gnoll comes into view. It is wielding a +0 halberd.
The rat twitches its whiskers.
The endoplasm hits you but does no damage.
The adder misses you.
You shoot an arrow. The arrow barely misses the adder.
The adder closely misses you. The endoplasm freezes you.
You are frozen.
The adder barely misses you. The endoplasm misses you.
You shoot an arrow. The arrow hits the adder!
The adder is almost dead.
The adder bites you. The endoplasm completely misses you.
The adder barely misses you.
You shoot an arrow. The arrow barely misses the adder.
The arrow barely misses the gnoll.
The rat misses you. The endoplasm misses you. The adder bites you.
You shoot an arrow. The arrow hits the adder.
You kill the adder!
The rat bites you but does no damage. The endoplasm hits you.
The gnoll misses you. The rat bites you. The endoplasm completely misses you.
Your Ranged Weapons skill increases to level 7!
You shoot an arrow.
The arrow hits the gnoll but does no damage.
The gnoll misses you. The rat misses you. The gnoll misses you.
The endoplasm barely misses you. The gnoll hits you with a +0 flail!
You die...

#<## .# #. #..##
#.##.. #.####..#
#......
.....##.#
##.......
#..).###<<......
####...[........
##...........
###..r......
#g@J......
#8g8.^....
...\g......
...#8.8......
..##...........
. #.#.........
........... #
.##.......


You could see 3 gnolls, an endoplasm and a rat.

Vanquished Creatures
  An adder (D:2)
  A dart slug (D:1)
  3 ball pythons (D:1)
  2 endoplasms (D:1)
  A giant cockroach (D:1)
  3 goblins
  3 hobgoblins
  4 jackals (D:1)
  6 bats (D:1)
  5 frilled lizards (D:1)
  5 kobolds (D:1)
  3 rats (D:1)
37 creatures vanquished.

Notes
Turn   | Place    | Note
-------+----------+-------------------------------------------
     0 | D:1      | qw the Deep Elf Hunter began the quest for the Orb.
     0 | D:1      | Reached XP level 1. HP: 12/12 MP: 3/3
     0 | D:1      | 0 ||| qw: Version: 0.3-a-9-g12657ce
     0 | D:1      | 0 ||| qw: Game counter: 2632
     0 | D:1      | 0 ||| qw: Always use a shield: true
     0 | D:1      | 0 ||| qw: God list: Okawaru
     0 | D:1      | 0 ||| qw: Allow faded altars: false
     0 | D:1      | 0 ||| qw: Do Orc after D:15 true
     0 | D:1      | 0 ||| qw: Do second Lair branch before Depths: true
     0 | D:1      | 0 ||| qw: Lair rune preference: random
     0 | D:1      | 0 ||| qw: Plans: Normal
     0 | D:1      | 0 ||| PLANNING D:1-11
   142 | D:1      | Reached skill level 6 in Ranged Weapons
   142 | D:1      | Reached XP level 2. HP: 16/16 MP: 4/4
   364 | D:1      | Reached XP level 3. HP: 20/20 MP: 5/5
   717 | D:1      | 717 ||| UPGRADING to +0 ring mail.
   727 | D:1      | 727 ||| DROPPING +0 leather armour.
   728 | D:1      | 728 ||| UPGRADING to +5 ring of evasion.
   729 | D:1      | 729 ||| READING 3 scrolls labelled ZIZAJI WEIPATIU.
   730 | D:1      | 730 ||| DRINKING 2 bubbling amethyst potions.
   731 | D:1      | 731 ||| DROPPING scroll of butterflies.
   732 | D:1      | 732 ||| DROPPING potion of degeneration.
   772 | D:2      | Found Nuezuf's Jewellery Shop.
   791 | D:2      | HP: 5/20 [adder (3)]
   793 | D:2      | HP: 2/20 [rat (1)]
   794 | D:2      | Reached skill level 7 in Ranged Weapons
   794 | D:2      | Mangled by a gnoll

Levels and vault maps discovered:
D:1:      beargit_arrival_diablo_church, layout_loops_cross,
          minmay_misc_feat_tower, st_stairs_13
D:2:      layout_rooms, serial_shops, nicolae_shop_tiny_statue_garden,
          uniq_natasha

Skill      XL: |  1  2  3 |
---------------+----------+-----
Ranged Weapons | 6 7 |  7.1
Fighting       | |  1.5
Dodging        | |  2.4
Stealth        | |  1.2

Action                     || total
---------------------------++-------
   Fire: Shortbow          ||    85
    Use: Scroll            ||     1
         Potion            ||     1
 Armour: Leather armour    ||     2
         Ring mail         ||     3
  Dodge: Dodged            ||    29

Table legend:
 A = Non-vault XP
 B = Vault XP
 C = Vault XP percentage of total XP
 D = Non-vault monster count
 E = Vault monster count
 F = Vault count percentage of total count
                 A         B        C        D         E       F
            +---------+---------+-------+---------+---------+-------
      Total |      70 |       2 |   2.8 |      35 |       2 |   5.4
            +---------+---------+-------+---------+---------+-------
        D:1 |      52 |       2 |   3.7 |      32 |       2 |   5.9
        D:2 |      18 |       0 |   0.0 |       3 |       0 |   0.0
            +---------+---------+-------+---------+---------+-------
